 Dungeon Crawl Stone Soup version 0.29.0-4-gdea44cf6ec (webtiles) character file.

Game seed: 1486627486847488683

18 qw the Chopper (level 2, 0/24 HPs)
             Began as a Barachi Chaos Knight on Sept 4, 2022.
             Succumbed to their own poison gas
             ... on level 1 of the Dungeon.
             The game lasted 00:00:24 (1160 turns).

qw the Chopper (Barachi Chaos Knight)               Turns: 1160, Time: 00:00:25

Health: 0/24       AC:  6    Str: 13    XL:     2   Next: 66%
Magic:  2/2        EV: 10    Int: 12    God:
Gold:   316        SH:  0    Dex: 11    Spells: 1/1 levels left

rFire   . . .      SeeInvis .   Y - +0 hand axe (chaos)
rCold   . . .      Faith    .   (no shield)
rNeg    . . .      Spirit   .   k - +0 ring mail
rPois   .          Reflect  .   (no helmet)
rElec   .          Harm     .   (no cloak)
rCorr   .          Rampage  .   f - +0 pair of gloves
Will    .....                   (no boots)
Stlth   +.........              (no amulet)
HPRegen 0.08/turn               (no ring)
MPRegen 0.08/turn               (no ring)

@: lethally poisoned (0 -> -5), slow
A: amphibious, slowness 1, strong legs 1, +LOS
a: Hop


You were on level 1 of the Dungeon.
You visited 1 branch of the dungeon, and saw 1 of its levels.

You collected 316 gold pieces.


Innate Abilities, Weirdness & Mutations

You are amphibious.
You cover ground slowly.
You can hop short distances.
You have an extended range of vision and can be seen from far away.


   Skills:
 - Level 3.6 Fighting
 + Level 4.3 Axes
 - Level 2.4 Armour
 - Level 1.1 Dodging


You had one spell level left.
You didn't know any spells.
Your spell library was empty.

Inventory:

Hand Weapons
 h - a +0 mace
 Y - a +0 hand axe of chaos (weapon)
Armour
 f - a +0 pair of gloves (worn)
 k - a +0 ring mail (worn)
Scrolls
 i - a scroll of identify
Potions
 d - a potion of invisibility {unknown}
 l - a potion of brilliance {unknown}
 m - a potion of lignification {unknown}
Miscellaneous
 c - a piece from Xom's chessboard (15/15)

Dungeon Overview and Level Annotations

Branches:
Dungeon (1/15)

Altars:
Xom


Message History

1151 ||| READING 2 scrolls labelled AZAELO BOBBAI.
As you read the scroll labelled AZAELO BOBBAI, it crumbles to dust.
It is a scroll of identify.
Really abort (and waste the scroll)?
Done exploring.
1152 ||| READING scroll labelled SEUWIG HIALUSH.
This is a scroll of acquirement!
1152 ||| ACQUIRING 310 gold pieces Something appears at your feet!
You now have 316 gold pieces (gained 310).
You see here a +2 leather armour.
Done exploring.
1154 ||| READING scroll labelled AVYT COUCLAMOM.
Blink to where?
Press: ? - help, Dir - move target, f - you Are you sure you want to cancel this blink?
As you read the scroll labelled AVYT COUCLAMOM, it crumbles to dust.
It was a scroll of blinking.
Done exploring.
(D) Dungeon
Where to? (* - list waypoints, ? - help)
What level of the Dungeon? (default 1, ? - help) Sorry, I don't know how to get there.
Done exploring.
1155 ||| Stepping randomly (stuck).
Really walk into that cloud of poison gas?
You are engulfed in poison gas.
You are poisoned.
You feel very sick.
1156 ||| Stepping ~*~*~tactically~*~*~ (cloud).
You feel very sick.
You see here a +2 leather armour.
There is a lethal amount of poison in your body!
You feel very sick.
There is a lethal amount of poison in your body!
You feel sick.
There is a lethal amount of poison in your body!
You feel sick.
There is a lethal amount of poison in your body!
You die...
Xom chuckles heartily!

.#....# #.....00¤#
.#.#..####.#####00#
.#.#..##....# #0¤#
.#.#..##.<..# #00#
.#.#........####0¤#
.#.#..........0¤¤0#
.#.#..##.......000#
.#.#..##....####.¤#
...#..##....# #@¤#
.###..##....# #00#
.# #..###.### #¤0#
.# #..# #.# #¤¤# .#
#..###.######0¤#
.###..)........¤00#
..##...........00.#
#.##...........0¤¤#
..#################


There were no monsters in sight!

Vanquished Creatures
  A dart slug (D:1)
  An endoplasm (D:1)
  2 goblins (D:1)
  A hobgoblin (D:1)
  3 jackals (D:1)
  A bat (D:1)
  A frilled lizard (D:1)
  4 kobolds (D:1)
  A rat (D:1)
15 creatures vanquished.

Notes
Turn   | Place    | Note
-------+----------+-------------------------------------------
     0 | D:1      | qw the Barachi Chaos Knight began the quest for the Orb.
     0 | D:1      | Reached XP level 1. HP: 18/18 MP: 1/1
     0 | D:1      | 0 ||| qw: Version: 0.1-a-103-gd6f5d3a
     0 | D:1      | 0 ||| qw: Game counter: 5762
     0 | D:1      | 0 ||| qw: Always use a shield: true
     0 | D:1      | 0 ||| qw: God list: Okawaru
     0 | D:1      | 0 ||| qw: Allow faded altars: false
     0 | D:1      | 0 ||| qw: Do Orc after D:15 true
     0 | D:1      | 0 ||| qw: Do second Lair branch before Depths: true
     0 | D:1      | 0 ||| qw: Lair rune preference: random
     0 | D:1      | 0 ||| qw: Plans: Normal
     0 | D:1      | 0 ||| PLANNING D:1-11
     0 | D:1      | Fell from the grace of Xom
   203 | D:1      | XOM: torment (10/18 hp)
   372 | D:1      | XOM: scenery: create altars
   384 | D:1      | 384 ||| Stepping ~*~*~tactically~*~*~ (hiding).
   390 | D:1      | Reached XP level 2. HP: 23/24 MP: 2/2
   395 | D:1      | Reached skill level 4 in Axes
   769 | D:1      | 769 ||| Stepping ~*~*~tactically~*~*~ (stealth).
   780 | D:1      | 780 ||| Stepping ~*~*~tactically~*~*~ (stealth).
   781 | D:1      | 781 ||| Stepping ~*~*~tactically~*~*~ (stealth).
   823 | D:1      | 823 ||| Stepping ~*~*~tactically~*~*~ (stealth).
  1133 | D:1      | 1133 ||| UPGRADING to +0 pair of gloves.
  1138 | D:1      | 1138 ||| UPGRADING to +0 ring mail.
  1148 | D:1      | 1148 ||| DROPPING +2 leather armour.
  1149 | D:1      | 1149 ||| READING scroll labelled UMAEMEIVVA.
  1150 | D:1      | 1150 ||| READING scroll labelled VYDUZA APRASM.
  1151 | D:1      | 1151 ||| READING 2 scrolls labelled AZAELO BOBBAI.
  1152 | D:1      | 1152 ||| READING scroll labelled SEUWIG HIALUSH.
  1152 | D:1      | Identified a scroll of acquirement
  1152 | D:1      | 1152 ||| ACQUIRING 310 gold pieces
  1152 | D:1      | Acquired 310 gold pieces
  1154 | D:1      | 1154 ||| READING scroll labelled AVYT COUCLAMOM.
  1155 | D:1      | 1155 ||| Stepping randomly (stuck).
  1156 | D:1      | 1156 ||| Stepping ~*~*~tactically~*~*~ (cloud).
  1157 | D:1      | HP: 5/24 [poisoned by you (poison gas)]
  1159 | D:1      | HP: 1/24 [poisoned by you (poison gas)]
  1160 | D:1      | Succumbed to their own poison gas

Levels and vault maps discovered:
D:1:      dpeg_arrival_boxes_within_box, layout_basic, minmay_misc_feat_columns

Skill      XL: |  1  2 |
---------------+-------+-----
Axes           | 4 |  4.3
Fighting       | |  3.6
Armour         | |  2.4
Dodging        | |  1.1

Action                   || total
-------------------------++-------
Melee: Hand axe          ||    50
Invok: Renounce Religion ||     1
  Use: Scroll            ||     5
Armor: Leather armour    ||    22
Dodge: Dodged            ||    26

Table legend:
 A = Non-vault XP
 B = Vault XP
 C = Vault XP percentage of total XP
 D = Non-vault monster count
 E = Vault monster count
 F = Vault count percentage of total count
                 A         B        C        D         E       F
            +---------+---------+-------+---------+---------+-------
      Total |      26 |       0 |   0.0 |      15 |       0 |   0.0
            +---------+---------+-------+---------+---------+-------
        D:1 |      26 |       0 |   0.0 |      15 |       0 |   0.0
            +---------+---------+-------+---------+---------+-------
